Map: Winter Madness LE

Players

Serral - Winner!

  • Race: Zerg Zerg
  • League: Grandmaster
  • Spawn Location: 11:00

VITRyung (Ryung)

  • Race: Terran Terran
  • League: Grandmaster
  • Spawn Location: 5:00

VOD

Have the link to the VOD?

Description

Time

  • Played on: Jan. 30, 2026, 11:42 a.m.
  • Length: 21:38
Show
View Real Time Build Order
Export as new Build Order

Serral Zerg - Winner!

Build Orders: Hatch First 

Get SALT Encoding   

  12  0:00  Drone  
  13  0:08  Drone  
  14  0:14  Extractor, Drone  
  15  0:21  Overlord  
  15  0:40  Drone  
  16  0:45  Hatchery  
  16  0:49  Drone  
  16  0:53  Drone  
  17  0:57  Drone  
  18  1:07  Extractor  
  17  1:12  Spawning Pool  
  17  1:14  Drone  
  17  1:18  Drone  
  18  1:26  Drone  
  19  1:37  Drone  
  20  1:48  Drone  
  21  1:59  Queen  
  21  2:01  Spine Crawler, Zergling x4  
  22  2:13  Zergling x4  
  19  2:34  Drone  
  20  2:42  Drone  
  20  2:46  Drone  
  20  2:50  Drone  
  21  2:54  Drone  
  21  2:58  Drone  
  23  3:02  Drone  
  24  3:07  Drone  
  25  3:13  Overlord  
  25  3:15  Drone  
  25  3:17  Drone  
  27  3:23  Drone  
  28  3:33  Queen  
  29  3:34  Metabolic Boost  
  29  3:38  Drone  
  30  3:44  Overlord  
  30  3:47  Drone x2  
  32  3:49  Drone  
  32  3:52  Drone  
  34  3:57  Drone  
  35  4:05  Overlord  
  35  4:08  Drone x2  
  35  4:09  Drone  
  38  4:18  Hatchery  
  38  4:20  Drone x2  
  39  4:28  Queen  
  39  4:29  Drone x2  
  43  4:35  Drone x2  
  45  4:42  Queen  
  45  4:43  Overlord  
  45  4:45  Drone  
  48  4:48  Drone x2  
  48  4:50  Drone  
  48  4:52  Drone  
  51  4:57  Extractor  
  50  5:00  Overlord  
  50  5:01  Drone  
  50  5:05  Zergling x2  
  52  5:09  Zergling x2  
  52  5:12  Zergling x2  
  52  5:13  Lair  
  54  5:18  Queen  
  54  5:19  Zergling x10  
  61  5:26  Overlord  
  61  5:27  Drone  
  62  5:29  Drone  
  62  5:30  Baneling Nest  
  62  5:32  Zergling x2  
  63  5:36  Drone  
  63  5:39  Overlord  
  63  5:41  Drone  
  65  5:46  Drone x3  
  68  5:50  Drone x3  
  68  5:51  Drone  
  68  5:52  Overlord  
  68  5:55  Queen  
  74  5:59  Evolution Chamber  
  74  6:01  Overlord  
  71  6:05  Zergling x6  
  71  6:07  Drone x2  
  71  6:09  Drone  
  75  6:11  Overseer  
  75  6:14  Overseer  
  75  6:15  Drone x3  
  78  6:19  Extractor  
  78  6:24  Zergling x4  
  78  6:25  Zergling x2  
  80  6:28  Drone x4  
  80  6:30  Zerg Ground Armor Level 1  
  80  6:32  Overlord  
  84  6:33  Drone  
  84  6:35  Overlord  
  84  6:40  Drone  
  84  6:42  Drone  
  84  6:45  Centrifugal Hooks  
  84  6:47  Evolution Chamber, Hatchery  
  85  6:49  Drone x3  
  85  6:53  Extractor  
  85  6:55  Queen  
  85  6:59  Drone x5  
  92  7:05  Burrow  
  92  7:09  Overlord  
  92  7:10  Zergling x4  
  92  7:13  Zerg Melee Weapons Level 1  
  92  7:14  Zergling x6  
  97  7:18  Zergling x8  
  97  7:21  Overlord x2  
  101  7:25  Zergling x4  
  101  7:28  Overlord  
  103  7:30  Baneling x8  
  103  7:39  Zergling x2  
  103  7:40  Zergling x8  
  103  7:41  Infestation Pit  
  107  7:45  Overlord  
  107  7:48  Drone  
  107  7:49  Drone x4  
  107  7:50  Drone  
  113  7:53  Hatchery  
  113  7:55  Zergling x6  
  115  8:00  Overlord  
  115  8:04  Zergling x6  
  118  8:07  Queen  
  118  8:08  Overlord  
  118  8:09  Zergling x4  
  118  8:11  Overlord  
  122  8:15  Zergling x8  
  126  8:21  Zergling x2  
  126  8:22  Zergling x10  
  126  8:25  Hive  
  132  8:28  Baneling x2  
  132  8:30  Overlord  
  132  8:32  Zerg Ground Armor Level 2  
  132  8:38  Zergling x14  
  139  8:41  Zergling x8  
  139  8:43  Hatchery  
  139  8:46  Zergling x10  
  137  8:56  Zergling x14  
  137  9:00  Baneling x6  
  142  9:05  Overlord  
  142  9:06  Zergling x2  
  142  9:07  Zergling x14  
  148  9:10  Overlord  
  148  9:11  Zerg Melee Weapons Level 2  
  148  9:12  Overlord  
  148  9:13  Baneling x7  
  148  9:17  Infestor  
  148  9:18  Infestor  
  148  9:21  Zergling x6  
  154  9:26  Pneumatized Carapace  
  154  9:27  Drone  
  154  9:30  Extractor  
  155  9:31  Drone x3  
  155  9:33  Zergling x6  
  160  9:39  Extractor  
  160  9:40  Drone  
  160  9:41  Drone x2  
  160  9:42  Zergling x20  
  171  9:55  Hatchery  
  171  9:57  Zergling x10  
  168  10:01  Infestor x2  
  171  10:07  Drone  
  171  10:08  Adrenal Glands, Spore Crawler  
  171  10:09  Drone x4  
  171  10:11  Zergling x14  
  182  10:23  Drone x3  
  182  10:25  Zergling x2  
  182  10:26  Zergling x8, Ultralisk Cavern  
  189  10:33  Zergling x18  
  196  10:42  Drone x2  
  190  10:48  Baneling  
  187  10:51  Zergling x20  
  192  10:57  Zerg Ground Armor Level 3  
  192  10:58  Drone x5  
  192  10:59  Infestor  
  192  11:00  Queen  
  190  11:09  Zergling x2  
  190  11:10  Zergling x26  
  173  11:12  Zergling x2  
  173  11:13  Overseer  
  173  11:16  Zergling x2  
  173  11:21  Zergling x8  
  173  11:22  Zergling x2  
  164  11:28  Zergling x10  
  164  11:29  Zergling x2  
  164  11:30  Zergling x4  
  164  11:31  Chitinous Plating  
  163  11:34  Hatchery  
  163  11:37  Zerg Melee Weapons Level 3  
  139  11:48  Ultralisk  
  139  11:49  Zergling x10, Ultralisk  
  146  11:56  Ultralisk, Zergling x2  
  146  11:57  Zergling x6  
  146  12:00  Zergling x10  
  153  12:10  Ultralisk  
  153  12:12  Baneling x8  
  153  12:14  Zergling x16  
  167  12:22  Zergling x18, Overseer  
  176  12:25  Baneling x6  
  176  12:27  Zergling x6  
  167  12:37  Ultralisk, Zergling x14  
  167  12:44  Zergling x18  
  176  12:47  Baneling x6  
  176  12:50  Anabolic Synthesis  
  174  12:53  Zergling x16  
  174  12:56  Infestor  
  174  12:57  Zergling x6  
  177  13:09  Drone x5  
  177  13:10  Drone  
  177  13:11  Zergling x2  
  177  13:12  Zergling x20  
  189  13:14  Zergling x2  
  189  13:15  Zergling x6  
  189  13:18  Extractor, Zergling x2  
  189  13:19  Zergling x2  
  184  13:22  Extractor  
  184  13:25  Ultralisk, Spire, Zergling x6  
  191  13:27  Infestor  
  191  13:29  Baneling x2  
  191  13:31  Baneling  
  193  13:34  Zergling x12  
  198  13:47  Hatchery  
  196  13:48  Overseer  
  196  13:49  Overseer  
  196  13:52  Zergling x6  
  193  14:04  Zergling x2, Ultralisk  
  193  14:05  Zergling x26  
  193  14:11  Infestor, Zergling x10  
  200  14:17  Zerg Missile Weapons Level 1  
  200  14:24  Baneling x12  
  200  14:35  Zergling x4  
  197  14:40  Baneling x8  
  197  14:41  Zergling x6  
  200  14:46  Infestor  
  200  14:47  Zerg Flyer Weapons Level 1  
  199  15:02  Zergling x16  
  199  15:05  Zergling x2  
  198  15:10  Zergling x14  
  192  15:14  Ultralisk, Zergling x6  
  192  15:19  Overseer x2  
  187  15:28  Ultralisk x2  
  193  15:39  Hatchery, Baneling x7  
  193  15:40  Zergling x16  
  190  15:51  Ultralisk, Zergling x10  
  190  15:56  Zergling x16  
  199  16:10  Ultralisk, Zergling x16  
  193  16:16  Ultralisk x2  
  193  16:17  Baneling x9  
  193  16:18  Baneling x9  
  199  16:19  Hatchery  
  198  16:26  Hatchery  
  198  16:27  Zerg Missile Weapons Level 2  
  198  16:28  Zergling x6  
  200  16:34  Baneling x9  
  200  16:41  Zerg Flyer Armor Level 1  
  199  17:04  Unknown  
  185  17:10  Ultralisk, Zergling x30  
  199  17:16  Zergling x2  
  199  17:20  Spore Crawler  
  199  17:21  Drone  
  199  17:42  Baneling x5  
  199  17:47  Drone  
  199  17:55  Ultralisk, Zergling x22  
  199  17:58  Zergling x20  
  200  18:05  Ultralisk, Zergling x20  
  199  18:12  Ultralisk, Zergling x20  
  200  18:15  Infestor x2  
  200  18:18  Ultralisk, Zergling x4  
  200  18:19  Zergling x18  
  200  18:21  Baneling x15  
  190  18:27  Zergling x20  
  197  18:36  Baneling x9  
  197  18:38  Drone x2  
  197  18:41  Hatchery  
  196  18:44  Ultralisk  
  196  18:45  Zergling x8  
  193  18:48  Baneling x8  
  193  18:54  Zergling x16  
  195  19:02  Drone x4  
  191  19:15  Ultralisk, Zergling x22  
  194  19:24  Ultralisk, Zergling x12  
  191  19:29  Zergling x8  
  181  19:41  Hatchery  
  181  19:42  Overseer  
  181  19:43  Ultralisk, Zergling x2  
  181  19:44  Baneling  
  181  19:45  Baneling x3  
  187  19:50  Infestor x2  
  190  20:00  Hatchery  
  190  20:02  Zergling x10  
  193  20:10  Zergling x14  
  198  20:29  Zergling x4  
  199  20:40  Ultralisk, Zergling x8  
  197  20:48  Ultralisk, Zergling x18  
  198  20:58  Zergling x2  
  198  21:02  Hatchery  
  187  21:09  Zergling x14  
  197  21:20  Zergling x2  
  197  21:21  Zergling x10  
Show
View Real Time Build Order
Export as new Build Order

VITRyung Terran 

Build Orders:  

Get SALT Encoding   

  12  0:00  SCV  
  13  0:12  SCV  
  14  0:18  Supply Depot  
  14  0:24  SCV  
  15  0:41  Barracks  
  15  0:51  Barracks  
  15  0:55  SCV  
  16  1:07  SCV  
  17  1:19  SCV  
  18  1:28  Marine  
  18  1:32  Orbital Command  
  19  1:37  Marine  
  20  1:42  Supply Depot  
  20  1:46  Marine  
  21  1:54  Bunker  
  21  1:55  Bunker  
  21  1:56  Bunker  
  21  1:57  Marine  
  22  2:07  Marine  
  23  2:15  Marine  
  23  2:18  SCV  
  23  2:25  Marine  
  21  2:30  SCV  
  21  2:33  Marine  
  23  2:43  SCV, Marine  
  24  2:51  Marine  
  24  2:55  SCV  
  25  3:02  Command Center  
  26  3:07  SCV  
  26  3:15  Command Center  
  26  3:21  SCV  
  26  3:24  Supply Depot  
  27  3:33  SCV  
  28  3:35  Refinery  
  28  3:36  Refinery  
  28  3:46  SCV  
  29  3:55  Engineering Bay x2  
  29  3:58  SCV  
  30  4:10  SCV  
  30  4:15  Orbital Command  
  31  4:22  SCV  
  32  4:26  Orbital Command  
  32  4:29  Terran Infantry Weapons Level 1, Marine  
  33  4:33  Orbital Command  
  33  4:34  SCV  
  34  4:43  Terran Infantry Armor Level 1  
  34  4:46  SCV  
  35  4:52  Barracks Tech Lab  
  35  4:53  Barracks Reactor  
  35  4:54  SCV  
  36  5:01  Supply Depot  
  36  5:02  SCV  
  36  5:06  SCV  
  38  5:14  SCV  
  38  5:17  Factory  
  38  5:18  SCV  
  38  5:19  SCV  
  41  5:21  Marine  
  41  5:26  SCV  
  43  5:29  Stimpack  
  43  5:30  SCV  
  43  5:31  Supply Depot, SCV  
  43  5:32  Marine x2  
  47  5:38  SCV  
  47  5:39  Marine  
  47  5:40  Refinery  
  47  5:42  SCV  
  50  5:44  SCV  
  50  5:45  Barracks  
  51  5:51  SCV  
  51  5:52  Marine x2  
  51  5:54  Supply Depot, SCV  
  51  5:56  SCV  
  56  5:57  Marine  
  56  6:03  SCV  
  58  6:06  SCV, Supply Depot  
  58  6:07  Starport, Factory Reactor  
  58  6:08  SCV  
  60  6:11  Armory  
  60  6:13  Refinery, Marine  
  60  6:14  Marine  
  60  6:15  SCV  
  63  6:20  SCV  
  63  6:22  Orbital Command  
  64  6:27  SCV  
  64  6:32  SCV  
  66  6:37  Barracks  
  66  6:38  Barracks, Barracks Reactor  
  66  6:39  SCV  
  66  6:44  SCV  
  67  6:51  Supply Depot, SCV  
  67  6:52  Supply Depot, Marine x2  
  67  6:53  Marine  
  71  6:55  SCV  
  71  6:56  SCV  
  71  6:57  Terran Infantry Armor Level 2  
  71  7:00  Terran Infantry Weapons Level 2  
  73  7:03  SCV  
  73  7:06  Supply Depot  
  73  7:07  SCV  
  73  7:08  Combat Shield, SCV  
  75  7:10  Marine  
  75  7:13  Marine x3  
  75  7:15  Marine, SCV  
  82  7:16  Factory Reactor  
  82  7:19  Medivac, SCV  
  82  7:20  SCV  
  82  7:22  Medivac  
  88  7:25  Supply Depot  
  88  7:27  SCV  
  88  7:28  Marine  
  90  7:30  Barracks Reactor  
  90  7:31  Marine x2, SCV  
  90  7:32  Marine, SCV  
  90  7:33  Marine  
  90  7:34  Barracks Reactor  
  96  7:39  SCV  
  96  7:43  SCV  
  98  7:44  Command Center  
  98  7:46  Marine  
  98  7:49  Marine x2  
  98  7:50  Medivac, Marine  
  104  7:52  Medivac  
  104  7:53  Widow Mine  
  104  7:54  Refinery, Widow Mine  
  110  8:01  Supply Depot  
  110  8:02  Supply Depot, Barracks  
  110  8:05  Barracks, SCV x3, Supply Depot  
  113  8:06  Barracks  
  113  8:10  Supply Depot  
  113  8:12  Marine x4  
  117  8:13  Marine x2  
  117  8:17  Widow Mine  
  117  8:18  Widow Mine  
  123  8:22  Supply Depot  
  123  8:26  Factory  
  123  8:30  Marine x3  
  123  8:31  Medivac x2  
  130  8:37  Supply Depot  
  130  8:38  Supply Depot  
  130  8:44  Widow Mine  
  130  8:45  Widow Mine  
  130  8:46  Marine x3  
  137  8:53  Marine x2  
  137  8:55  Marine x2  
  136  8:56  Marine  
  136  8:59  Orbital Command  
  138  9:02  Marine  
  138  9:04  Marine  
  138  9:06  Barracks Tech Lab, Widow Mine  
  138  9:07  Barracks Tech Lab x2  
  140  9:15  Supply Depot x2  
  140  9:18  SCV x3  
  143  9:27  Factory Tech Lab  
  143  9:33  Medivac x2  
  143  9:37  SCV x2  
  149  9:43  Widow Mine x2  
  149  9:44  Terran Infantry Weapons Level 3  
  153  9:48  Terran Infantry Armor Level 3  
  152  9:53  Marine x4  
  154  10:00  Widow Mine  
  154  10:02  SCV x3, Drilling Claws  
  159  10:08  Planetary Fortress  
  159  10:11  Marine x3  
  159  10:12  Marauder  
  164  10:41  Supply Depot x2, Marine x2  
  164  10:42  Marine x2  
  172  10:43  Marauder x2, Widow Mine, Supply Depot  
  172  10:52  Marine  
  172  10:53  Marine x3, Marauder x2  
  170  10:57  Widow Mine  
  170  11:00  Terran Vehicle And Ship Armor Level 1  
  170  11:01  Marine x2  
  170  11:02  Marine x2, Medivac x2  
  170  11:03  Widow Mine, Marine x2  
  184  11:04  Widow Mine  
  184  11:10  Marine  
  184  11:11  Marine x3  
  169  11:15  Marauder x2  
  171  11:18  Marine x2  
  171  11:19  Widow Mine  
  171  11:20  Marine x2  
  171  11:22  Marauder x2  
  171  11:24  Widow Mine  
  164  11:27  Marine  
  164  11:28  Marine x3  
  159  11:34  Widow Mine  
  159  11:36  Marauder x2, Marine x2  
  159  11:38  Marine x2  
  164  11:40  Widow Mine  
  164  11:43  Marine, Marauder  
  164  11:45  Marine  
  164  11:46  Widow Mine, Marine x3  
  162  11:48  Medivac x2  
  147  11:54  Marine x2  
  147  11:56  Widow Mine, Marine x2  
  147  11:57  Marine x2  
  147  12:00  Marine  
  154  12:02  Widow Mine  
  154  12:03  Marine  
  154  12:05  Marine x2  
  154  12:07  Widow Mine, Marauder  
  165  12:15  Marauder x2  
  165  12:17  Widow Mine  
  165  12:21  SCV x4  
  171  12:23  Widow Mine  
  171  12:25  Command Center  
  171  12:26  Marauder, Marine x2  
  171  12:27  Marine  
  171  12:28  Marauder  
  170  12:41  Marauder x2, Marine x3  
  170  12:43  Marine x2  
  176  12:47  Marauder  
  176  12:50  Marauder  
  180  12:57  Marine x2  
  180  13:01  Widow Mine x2  
  180  13:02  Marauder x2  
  180  13:04  Widow Mine  
  190  13:09  Marauder  
  190  13:11  Marauder  
  184  13:23  Barracks  
  184  13:25  Barracks  
  184  13:26  Barracks  
  184  13:28  Marauder x2  
  184  13:33  Widow Mine x2  
  196  13:34  Marauder x2  
  196  13:36  Marine x2  
  198  13:44  Marine x2  
  198  13:47  Command Center  
  200  13:48  Command Center  
  200  14:00  Marauder, Marine  
  198  14:06  Marauder  
  198  14:07  Marauder  
  175  14:10  Marine x2  
  175  14:12  Marauder, Barracks Tech Lab  
  175  14:13  Barracks Tech Lab  
  175  14:14  Widow Mine x2, Medivac  
  175  14:15  Medivac, Widow Mine, Barracks Tech Lab  
  187  14:17  Planetary Fortress  
  187  14:21  Marine, Marauder  
  187  14:22  Marine  
  191  14:28  Marauder x2  
  191  14:30  Concussive Shells  
  195  14:33  Marauder  
  196  14:39  Marauder x2  
  200  14:51  Sensor Tower  
  199  15:03  Marauder x2  
  199  15:13  Orbital Command  
  184  15:16  Marine x10, Marauder x3  
  184  15:18  Widow Mine  
  184  15:19  Medivac  
  199  15:24  Marine  
  200  15:29  Terran Vehicle And Ship Armor Level 2  
  190  15:37  Widow Mine  
  190  15:38  Marauder  
  190  15:39  Marauder x3  
  200  15:47  Command Center x2  
  140  15:58  Marauder x3  
  140  15:59  Marine x5  
  140  16:00  Marine  
  140  16:01  Marine  
  140  16:02  Marauder x2, Marine x2  
  140  16:03  Marauder  
  153  16:17  Planetary Fortress  
  152  16:19  Marauder x3, Marine x2  
  152  16:21  Marauder  
  162  16:32  Marauder  
  166  16:33  Widow Mine, Sensor Tower  
  166  16:36  Widow Mine  
  166  16:37  Widow Mine  
  170  16:50  Marauder x2, Marine  
  175  16:54  Marauder  
  175  16:55  Marauder x2, Marine  
  175  16:56  Marine, Marauder  
  175  16:57  Marine  
  175  17:01  Widow Mine x2  
  183  17:11  Marine x2, Marauder x3  
  183  17:13  Orbital Command  
  188  17:17  Widow Mine  
  190  17:25  Marauder x2  
  190  17:26  Marauder  
  190  17:27  Marine x2  
  198  17:42  Marauder  
  199  17:58  Planetary Fortress  
  175  18:02  Marine x11  
  175  18:03  Marauder  
  175  18:04  Marauder x2  
  175  18:05  Marauder  
  156  18:20  Marine x4  
  156  18:21  Marauder x3  
  156  18:25  Marauder x2  
  156  18:26  Marauder x2  
  140  18:36  Widow Mine x3  
  140  18:37  Marine  
  140  18:40  Marine x2  
  147  18:42  Marauder x2  
  147  18:46  Marauder  
  149  18:55  Marauder x3, Marine  
  154  19:03  Marauder  
  154  19:07  Widow Mine x2  
  156  19:14  Marine x2  
  156  19:16  Marauder x2  
  150  19:22  Marine, Marauder x2  
  142  19:25  Marine x4  
  142  19:30  Marine x2  
  148  19:33  Orbital Command  
  148  19:35  Marauder, Marine  
  148  19:37  Marine  
  144  19:44  Widow Mine x2  
  148  19:46  Widow Mine  
  150  19:55  Marauder  
  152  20:05  Widow Mine  
  154  20:10  Marauder x2  
  154  20:11  Widow Mine  
  154  20:12  Widow Mine  
  162  20:26  Widow Mine  
  162  20:28  Marauder x3  
  164  20:30  Marauder  
  164  20:31  Marine  
  164  20:35  Marine  
  161  20:41  Marine  
  127  20:58  Marine  
  120  21:08  Marine  
Tags
 
Add a new tag
Caveats
  • Supply blocks, unpowered buildings, or Contaminate may cause inaccurate times.
  • Supply counts are checked every 10 seconds.